 Dungeon Crawl Stone Soup version 0.30-a0-728-gc68057be0a (webtiles) character file.

Game seed: 405378940070893834

14135 Jackthecabe the Covert (level 12, -2/67 HPs)
             Began as a Vine Stalker Brigand on Feb 1, 2023.
             Was a Believer of Uskayaw.
             Slain by an ice devil (15 damage)
             ... summoned by an obsidian statue
             ... in a volcano.
             The game lasted 00:32:13 (9051 turns).

Jackthecabe the Covert (Vine Stalker Brigand)       Turns: 9051, Time: 00:32:14

Health: -2/67      AC: 12    Str: 15    XL:     12   Next: 13%
Magic:  0/16       EV: 15    Int: 11    God:    Uskayaw [**....]
Gold:   333        SH:  0    Dex: 20    Spells: 11/11 levels left

rFire   + . .      SeeInvis .    c - +2 dagger (drain)
rCold   . . .      Faith    .    (no shield)
rNeg    . . .      Spirit   +    f - +2 ring mail {rF+}
rPois   .          Reflect  .    N - +2 hat {Will+}
rElec   .          Harm     .    T - +0 cloak {rCorr}
rCorr   +          Rampage  .    (no gloves)
Will    +++..                    U - +1 pair of boots
Stlth   +++++                    m - amulet of magic regeneration
HPRegen 1.11/turn                W - ring of willpower
MPRegen 0.55/turn                (no ring)

@: no status effects
A: fangs 3, regeneration 1, magic shield, antimagic bite, no potion heal 2
a: Renounce Religion, Stomp, Line Pass


You were in a volcano.
You worshipped Uskayaw.
Uskayaw was noncommittal.
You visited 3 branches of the dungeon, and saw 13 of its levels.
You also visited: Volcano.

You collected 702 gold pieces.
You spent 369 gold pieces at shops.


Innate Abilities, Weirdness & Mutations

You have razor-sharp teeth.
Your natural rate of healing is unusually fast.
When hurt, damage is shared between your health and your magic reserves.
Your bite disrupts and absorbs the magic of your enemies.
Potions cannot restore your health.


   Skills:
 - Level 10.0 Fighting
 - Level 8.0 Short Blades
 - Level 1.7 Throwing
 - Level 8.0 Dodging
 + Level 12.3 Stealth
 + Level 4.6 Invocations
 + Level 1.7 Evocations


You had 11 spell levels left.
You didn't know any spells.
Your spell library contained the following spells:

 Spells                   Type           Power      Damage    Failure   Level
 Magic Dart               Conj           0%         1d3       56%         1
 Cigotuvi's Dreadful Rot  Necr/Pois/Air  0%         N/A       71%         2
 Poisonous Vapours        Pois/Air       0%         N/A       71%         2
 Searing Ray              Conj           0%         2d4       71%         2
 Dazzling Flash           Conj/Hex       0%         N/A       91%         3
 Hailstorm                Conj/Ice       0%         3d3       91%         3
 Ignite Poison            Fire/Tmut/Pois 0%         N/A       91%         3
 Kindle Blastsparks       Fire/Tloc/Air  0%         2d10      91%         3
 Mephitic Cloud           Conj/Pois/Air  0%         N/A       91%         3
 Portal Projectile        Hex/Tloc       0%         N/A       91%         3
 Summon Guardian Golem    Hex/Summ       0%         N/A       91%         3
 Cause Fear               Hex            0%         N/A       100%        4
 Fulminant Prism          Conj/Hex       0%         3d5       100%        4
 Ice Form                 Ice/Tmut       0%         N/A       100%        4
 Iskenderun's Mystic Bla  Conj/Tloc      0%         2d3       100%        4
 Sticky Flame             Conj/Fire      0%         2d3       100%        4
 Agony                    Necr           0%         N/A       100%        5
 Lee's Rapid Deconstruct  Erth           0%         3d4*      100%        5
 Silence                  Hex/Air        0%         N/A       100%        5
 Simulacrum               Ice/Necr       0%         N/A       100%        6
 Ignition                 Fire           0%         3d3       100%        8

Inventory:

Hand Weapons
 c - a +2 dagger of draining (weapon)
Missiles
 b - 4 curare-tipped darts {=f}
 d - 40 poisoned darts (quivered)
Armour
 f - a +2 ring mail of fire resistance (worn)
 N - a +2 hat of willpower (worn)
 T - a +0 cloak of preservation (worn)
 U - a +1 pair of boots (worn)
Jewellery
 m - an amulet of magic regeneration (around neck)
 W - a ring of willpower (left hand)
Wands
 l - a wand of mindburst (11)
 D - a wand of charming (15)
 I - a wand of light (4)
 J - a wand of flame (13)
 Q - a wand of roots (8)
Scrolls
 g - 5 scrolls of amnesia
 j - 3 scrolls of fear
 n - 2 scrolls of silence {!r}
 q - 3 scrolls of fog
 r - 3 scrolls of magic mapping
 u - 4 scrolls of enchant armour
 x - a scroll of noise {unknown}
 y - 3 scrolls of poison
 B - a scroll of immolation
 C - 5 scrolls of teleportation {@r2}
 G - a scroll of blinking
 H - a scroll of summoning
 P - a scroll of vulnerability
 R - a scroll of brand weapon
 S - 3 scrolls of enchant weapon {unknown}
Potions
 h - 7 potions of curing {@q1}
 k - 3 potions of mutation {unknown}
 p - 2 potions of lignification {unknown}
 s - 4 potions of haste {@q3}
 t - a potion of ambrosia {unknown}
 v - a potion of might
 w - 2 potions of cancellation {unknown}
 A - a potion of invisibility
 E - 2 potions of resistance {unknown}
 F - 2 potions of degeneration {unknown}
 K - a potion of heal wounds {unknown}
 L - a potion of attraction {unknown}
Miscellaneous
 O - a phial of floods

Dungeon Overview and Level Annotations

Branches:
Dungeon (11/15)            Temple (1/1) D:4            Lair (1/5) D:8
    Orc (0/2) D:11        Volcano (1/1)

Altars:
Ashenzari
Cheibriados
Dithmenos
Elyvilon
Fedhas
Gozag
Hepliaklqana
Kikubaaqudgha
Makhleb
Nemelex Xobeh
Okawaru
Qazlal
Ru
Sif Muna
Trog
Uskayaw
Vehumet
Wu Jian
Xom
Yredelemnul
Zin
The Shining One

Shops:
D:4 !   D:6 !   D:7 !:?   D:10 =

Annotations:
Lair:1 1 exclusion Volcano exclusion: obsidian statue

§≈≈≈§§≈..# #.▒≈≈≈.▒▒▒▒
≈≈≈≈§≈..# #.▒▒▒▒.≈☼☼▒
≈§≈≈§..# #.▒☼☼≈.▒▒▒▒
≈§≈≈≈..### #.▒▒▒▒.≈○○▒
§≈≈≈....8###.▒○≈≈.▒▒▒▒
≈≈≈≈.......'.▒▒▒▒.≈≈°▒
§≈......8###▒▒≈≈≈.▒▒▒▒
......#### ▒▒▒▒○○○○▒
...#### ▒▒54@▒▒▒▒▒
#### ▒8b▒▒▒ ▒5.bkt!).▒
▒34b5/⚑!∩▒ ▒▒5..[!)▒▒
▒▒▒▒▒▒▒▒


You could see an obsidian statue (magic disrupted), an ice devil (summoned), a
fire bat, a crimson imp (summoned) and a white imp (summoned).


Message History

The obsidian statue's magic leaks into the air.
You drain its magic.
You feel invigorated.
The obsidian statue is lightly damaged.
The fire bat barely misses you. x2; The orange demon barely misses you.
The fire bat misses you.
The ynoxinul gestures.
You hit the obsidian statue but do no damage.
You bite the obsidian statue, but do no damage.
The obsidian statue is lightly damaged.
The fire bat bites you but does no damage.
The ice devil hits you! The ice devil freezes you! The white imp misses you.
The fire bat bites you but does no damage. x2
The crimson imp closely misses you.
The ynoxinul gestures.
The orange demon misses you.
You hit the obsidian statue but do no damage.
You bite the obsidian statue, but do no damage.
The obsidian statue is lightly damaged.
The fire bat bites you.
You are engulfed in flames.
You resist. The fire bat barely misses you.
The obsidian statue falters for a moment.
The ice devil hits you. The ice devil freezes you!!
* * * LOW HITPOINT WARNING * * *
Blink to where?
Press: ? - help, Dir - move target
As you read the scroll of blinking, it crumbles to dust.
The ice devil hits you!
* * * LOW HITPOINT WARNING * * *
The ice devil freezes you!!
You die...

Skill      XL: |  1  2  3  4  5  6  7  8  9 10 11 12 |
---------------+-------------------------------------+-----
Short Blades   | 2 3 4 5 7 8 |  8.0
Stealth        | 5 6 7 9 10 12 | 12.3
Fighting       | 2 7 9 10 | 10.0
Invocations    | 2 4 |  4.6
Dodging        | 5 8 |  8.0
Evocations     | 1 |  1.7
Throwing       | |  1.7

Action                     |  1- 3 |  4- 6 |  7- 9 | 10-12 || total
---------------------------+-------+-------+-------+-------++-------
  Melee: Dagger            |   115 |   172 |   421 |   290 ||   998
         Bite              |    22 |    47 |   128 |   116 ||   313
         Punch             |     2 |     2 |     9 |     5 ||    18
  Throw: Dart              |       |       |       |    10 ||    10
 Invoke: Line Pass         |       |       |     4 |     2 ||     6
         Stomp             |       |       |       |     1 ||     1
  Evoke: Wand              |       |       |       |     1 ||     1
    Use: Scroll            |       |       |     8 |     7 ||    15
         Potion            |       |       |       |     2 ||     2
   Stab: Sleeping          |     7 |    12 |     7 |    14 ||    40
         Paralysed         |       |       |    16 |    19 ||    35
         Confused          |       |       |     2 |       ||     2
         Distracted        |       |       |     1 |       ||     1
 Armour: Robe              |     5 |       |       |       ||     5
         Ring mail         |    35 |    55 |   113 |    99 ||   302
  Dodge: Dodged            |    58 |    60 |   171 |   167 ||   456

Levels and vault maps discovered:
D:1:      amcnicky_arrival_flooded_fountain, layout_basic, serial_forest,
          infiniplex_forest_corner_2, infiniplex_forest_clump_diagonal,
          infiniplex_forest_end_double, infiniplex_forest_lined_3_way,
          infiniplex_forest_clump_medium, infiniplex_forest_clump_tiny
D:2:      layout_rooms
D:3:      layout_loops_ring, mainiacjoe_overflow_small_starburst,
          minmay_goblin_kobold_house
D:4:      layout_loops_corners, lemuel_temple_firewalk_a, serial_shops, shop
D:5:      layout_rooms, dk_rats_in_the_wall
D:6:      layout_loops_ring, serial_shops, nicolae_shop_statue_plus,
          minmay_crystal_room, minmay_misc_feat_cross
D:7:      layout_loops_ring, fedhas_ov_isle_minmay, serial_shops,
          kennysheep_mini_moat, nicolae_square_shop, shop_coins,
          minmay_misc_feat_more_columns
D:8:      layout_basic, minmay_lair_entry_lava, uniq_grum
D:9:      layout_roguey, mainiacjoe_overflow_six_doors_small, uniq_gastronok,
          uniq_prince_ribbit1
D:10:     layout_rooms, serial_shops, shop
D:11:     layout_roguey, orc_0_dummy
Temple:   nicolae_temple_bog_church
Lair:1:   layout_cave_pods, basic_altar, lightli_volcano_entry_magma_tube,
          beast_lair_carwin_6, uniq_sonja
Volcano:  volcano_grotto [vgs_trial_by_fire]

Notes
Turn   | Place    | Note
-------+----------+-------------------------------------------
     0 | D:1      | Jackthecabe the Vine Stalker Brigand began the quest for
                  | the Orb.
     0 | D:1      | Reached XP level 1. HP: 11/11 MP: 2/2
    28 | D:1      | Reached skill level 2 in Short Blades
    52 | D:1      | Reached XP level 2. HP: 14/15 MP: 0/3
   404 | D:1      | Reached skill level 3 in Short Blades
   856 | D:2      | Reached XP level 3. HP: 10/18 MP: 1/4
  1343 | D:3      | Gained mutation: Your natural rate of healing is unusually
                  | fast. [Vine Stalker growth]
  1343 | D:3      | Reached XP level 4. HP: 23/23 MP: 5/5
  1458 | D:3      | Reached skill level 4 in Short Blades
  1458 | D:3      | Reached skill level 5 in Stealth
  1651 | D:3      | Reached XP level 5. HP: 26/26 MP: 6/6
  1652 | D:3      | Found a shimmering altar of Xom.
  1988 | D:3      | Reached skill level 5 in Short Blades
  1988 | D:3      | Reached XP level 6. HP: 30/30 MP: 7/7
  2243 | D:4      | Found Mudaucwi's Distillery.
  2340 | D:4      | Reached skill level 6 in Stealth
  2446 | D:4      | Found a staircase to the Ecumenical Temple.
  2455 | Temple   | Entered the Ecumenical Temple
  2605 | Temple   | Became a worshipper of Uskayaw the Reveller
  2663 | D:4      | Reached * piety under Uskayaw
  2885 | D:4      | Reached ** piety under Uskayaw
  3356 | D:5      | Entered Level 5 of the Dungeon
  3413 | D:5      | Reached XP level 7. HP: 32/34 MP: 8/8
  3419 | D:5      | Reached *** piety under Uskayaw
  3585 | D:5      | Reached skill level 6 in Short Blades
  3607 | D:5      | Reached **** piety under Uskayaw
  3812 | D:5      | Reached skill level 7 in Stealth
  4280 | D:6      | Reached skill level 7 in Short Blades
  4292 | D:6      | Gained mutation: You have razor-sharp teeth. [Vine Stalker
                  | growth]
  4292 | D:6      | Reached XP level 8. HP: 21/38 MP: 7/9
  4381 | D:6      | Reached skill level 8 in Stealth
  4543 | D:6      | Found Awijyecw's Distillery.
  4593 | D:6      | Reached skill level 8 in Short Blades
  4641 | D:6      | Reached skill level 9 in Stealth
  4657 | D:6      | Reached ***** piety under Uskayaw
  4689 | D:6      | Bought a potion of curing for 33 gold pieces
  4689 | D:6      | Bought a potion of might for 44 gold pieces
  5079 | D:7      | Reached skill level 2 in Fighting
  5146 | D:7      | Reached skill level 1 in Invocations
  5318 | D:7      | Found Rofisch's Book Shop.
  5370 | D:7      | Reached skill level 2 in Invocations
  5370 | D:7      | Reached XP level 9. HP: 40/43 MP: 11/11
  5382 | D:7      | Found a blossoming altar of Fedhas.
  5413 | D:7      | Reached skill level 3 in Fighting
  5413 | D:7      | Reached skill level 10 in Stealth
  5450 | D:7      | Found Fywaalyw's Distillery.
  5716 | D:7      | Found Jitoce's Magic Scroll Emporium.
  5719 | D:7      | Bought a scroll of poison for 60 gold pieces
  5719 | D:7      | Bought a scroll of fear for 60 gold pieces
  5719 | D:7      | Bought a scroll of blinking for 112 gold pieces
  5719 | D:7      | Bought a scroll of fog for 60 gold pieces
  5793 | D:8      | Noticed Grum
  5837 | D:8      | Reached skill level 3 in Invocations
  5956 | D:8      | Reached skill level 4 in Fighting
  5960 | D:8      | Reached skill level 4 in Invocations
  6013 | D:8      | Reached skill level 5 in Fighting
  6021 | D:8      | Killed Grum
  6045 | D:8      | Noticed a fire crab
  6102 | D:8      | Found a staircase to the Lair.
  6154 | D:8      | Noticed a two-headed ogre
  6156 | D:8      | Killed a two-headed ogre
  6157 | D:8      | Reached skill level 7 in Fighting
  6157 | D:8      | Reached XP level 10. HP: 55/55 MP: 14/14
  6184 | D:8      | Reached skill level 1 in Dodging
  6187 | D:8      | Got the Discursus on Spellbinding
  6434 | D:8      | Killed a fire crab
  6435 | D:8      | Reached skill level 2 in Dodging
  6575 | D:9      | Found a bloodstained altar of Trog.
  6632 | D:9      | Noticed a two-headed ogre
  6642 | D:9      | Killed a two-headed ogre
  6643 | D:9      | Reached skill level 8 in Fighting
  6643 | D:9      | Reached skill level 3 in Dodging
  6701 | D:9      | Noticed Prince Ribbit
  6726 | D:9      | Killed Prince Ribbit
  6766 | D:9      | HP: 4/56 [troll (4)]
  6958 | D:9      | Noticed a two-headed ogre
  6984 | D:9      | Killed a two-headed ogre
  6985 | D:9      | Reached skill level 4 in Dodging
  7254 | D:9      | Noticed Gastronok
  7338 | D:9      | Killed Gastronok
  7339 | D:9      | Reached skill level 9 in Fighting
  7339 | D:9      | Reached skill level 5 in Dodging
  7339 | D:9      | Reached XP level 11. HP: 41/62 MP: 9/15
  7380 | D:10     | Entered Level 10 of the Dungeon
  7380 | D:10     | Noticed a centaur warrior
  7381 | D:10     | Killed a centaur warrior
  7502 | D:10     | Reached skill level 6 in Dodging
  7527 | D:10     | Noticed a two-headed ogre
  7542 | D:10     | Killed a two-headed ogre
  7554 | D:10     | Reached skill level 10 in Fighting
  7755 | D:10     | Found Aluifu's Jewellery Boutique.
  7865 | D:11     | Noticed a boulder beetle
  7867 | D:11     | Killed a boulder beetle
  7925 | D:11     | Noticed a cyclops
  7929 | D:11     | Killed a cyclops
  7930 | D:11     | Reached skill level 7 in Dodging
  8146 | D:11     | Noticed a two-headed ogre
  8161 | D:11     | Killed a two-headed ogre
  8242 | D:11     | Found a staircase to the Orcish Mines.
  8266 | D:11     | Noticed a cyclops
  8273 | D:11     | Killed a cyclops
  8454 | D:11     | Noticed a cyclops
  8468 | D:11     | Killed a cyclops
  8543 | Lair:1   | Entered Level 1 of the Lair of Beasts
  8613 | Lair:1   | Reached skill level 8 in Dodging
  8613 | Lair:1   | Reached skill level 11 in Stealth
  8719 | Lair:1   | Noticed Sonja
  8732 | Lair:1   | Killed Sonja
  8795 | Lair:1   | Reached skill level 12 in Stealth
  8795 | Lair:1   | Reached XP level 12. HP: 67/67 MP: 16/16
  8863 | Lair:1   | Found a dark tunnel.
  8877 | Volcano  | Entered a volcano
  8946 | Volcano  | Reached skill level 1 in Evocations
  9044 | Volcano  | Found a burning altar of Makhleb.
  9051 | Volcano  | Slain by an ice devil

Vanquished Creatures
  Gastronok (D:9)
  A centaur warrior (D:10)
  5 two-headed ogres
  A boulder beetle (D:11)
  Sonja (Lair:1)
  A fire crab (D:8)
  3 cyclopes (D:11)
  A komodo dragon (Lair:1)
  Prince Ribbit (D:9)
  6 yaks
  A vampire (D:10)
  7 fire bats (Volcano)
  Grum (D:8)
  2 steam dragons
  5 water moccasins
  A hell hound (Volcano)
  A sky beast (D:6)
  3 orc warriors
  A black bear (D:6)
  2 ogres
  4 wolves
  A centaur (D:10)
  A phantom (D:6)
  2 kobold brigands
  2 bullfrogs (D:7)
  A scorpion (D:7)
  3 wights (D:6)
  10 killer bees
  3 howler monkeys (D:10)
  4 lava snakes (Volcano)
  3 jellies
  5 orc priests
  2 hounds
  3 gnoll boudas
  An iguana (D:5)
  6 orc wizards
  17 gnolls
  11 adders
  10 river rats
  3 white imps
  An ufetubus (D:5)
  2 worms
  A dart slug (D:4)
  31 orcs
  12 endoplasms
  4 giant cockroaches
  6 goblins
  5 hobgoblins
  7 jackals
  2 quokkas (D:2)
  2 ball pythons
  5 bats
  18 kobolds
  16 rats
249 creatures vanquished.

Vanquished Creatures (others)
  A fungus (Lair:1)
  A plant (D:1)
2 creatures vanquished.

Grand Total: 251 creatures vanquished

Table legend: (Time is in decaauts)
 A = Elapsed time spent in this place.
 B = Non-inter-level travel time spent in this place.
 C = Inter-level travel time spent in this place.
 D = Time resting spent in this place.
 E = Time spent auto-exploring this place.
 F = Levels seen in this place.
 G = Mean time per level.
                   A        B        C        D        E       F      G
               +--------+--------+--------+--------+--------+-----+--------+
         Total |   8741 |   8376 |    365 |    315 |   5839 |  14 |  624.4 |
       Dungeon |   8086 |   7740 |    346 |    295 |   5545 |  11 |  735.1 |
        Temple |    182 |    164 |     18 |      0 |    145 |   1 |  182.0 |
          Lair |    316 |    316 |      0 |      0 |    135 |   1 |  316.0 |
       Volcano |    155 |    155 |      0 |     20 |     13 |   1 |  155.0 |
               +--------+--------+--------+--------+--------+-----+--------+

Top non-repeatable levels by time:
     D:4: 1171 daAuts
     D:1: 831 daAuts
     D:6: 786 daAuts
     D:8: 784 daAuts
     D:3: 778 daAuts
     D:9: 773 daAuts
     D:7: 753 daAuts
     D:5: 623 daAuts
    D:11: 609 daAuts
     D:2: 498 daAuts
    D:10: 476 daAuts
  Lair:1: 316 daAuts
  Temple: 182 daAuts
 Volcano: 155 daAuts

Table legend:
 A = Non-vault XP
 B = Vault XP
 C = Vault XP percentage of total XP
 D = Non-vault monster count
 E = Vault monster count
 F = Vault count percentage of total count
                 A         B        C        D         E       F
            +---------+---------+-------+---------+---------+-------
      Total |   14317 |    5876 |  29.1 |     203 |      46 |  18.5
            +---------+---------+-------+---------+---------+-------
        D:1 |      33 |       0 |   0.0 |      20 |       0 |   0.0
        D:2 |      50 |       0 |   0.0 |      21 |       0 |   0.0
        D:3 |     241 |       7 |   2.8 |      28 |       4 |  12.5
        D:4 |     288 |      27 |   8.6 |      15 |       3 |  16.7
        D:5 |     314 |     116 |  27.0 |      13 |      18 |  58.1
        D:6 |     957 |       0 |   0.0 |      21 |       0 |   0.0
        D:7 |     664 |     239 |  26.5 |      20 |       2 |   9.1
        D:8 |    1559 |    1190 |  43.3 |      11 |       4 |  26.7
        D:9 |    2526 |    1804 |  41.7 |      25 |       2 |   7.4
       D:10 |    2386 |       0 |   0.0 |      14 |       0 |   0.0
       D:11 |    3869 |       0 |   0.0 |       8 |       0 |   0.0
     Lair:1 |    1430 |     782 |  35.4 |       7 |       1 |  12.5
    Volcano |       0 |    1711 | 100.0 |       0 |      12 | 100.0
            +---------+---------+-------+---------+---------+-------
